 Dungeon Crawl Stone Soup version 0.30-a0-118-ga018f8e90f (webtiles) character file.

Game seed: 354476168538642502

82 Newt the Trooper (level 4, -2/37 HPs)
             Began as a Demonspawn Gladiator on Sept 13, 2022.
             Was a Believer of Lugonu.
             Slain by an orc priest
             ... wielding a +2 dagger of electrocution
              (14 damage)
             ... on level 3 of the Dungeon.
             The game lasted 00:02:07 (2440 turns).

Newt the Trooper (Demonspawn Gladiator)             Turns: 2440, Time: 00:02:07

Health: -2/37      AC:  4    Str: 16    XL:     4   Next: 21%
Magic:  4/4        EV: 12    Int: 10    God:    Lugonu [**....]
Gold:   110        SH:  0    Dex: 14    Spells: 3/3 levels left

rFire   . . .      SeeInvis .    a - +0 rapier
rCold   . . .      Faith    .    (no shield)
rNeg    . . .      Spirit   .    b - +0 leather armour
rPois   .          Reflect  .    c - +0 helmet
rElec   .          Harm     .    (no cloak)
rCorr   .          Rampage  .    (no gloves)
Will    .....                    (no boots)
Stlth   ++........               (no amulet)
HPRegen 0.12/turn                (no ring)
MPRegen 0.09/turn                (no ring)

@: no status effects
A: powered by pain 1, demonic touch 1
a: Renounce Religion, Depart the Abyss, Bend Space


You were on level 3 of the Dungeon.
You worshipped Lugonu.
Lugonu was pleased with you.
You visited 1 branch of the dungeon, and saw 3 of its levels.

You collected 110 gold pieces.

Inventory:

Hand Weapons
 a - a +0 rapier (weapon)
Missiles
 d - 3 throwing nets (quivered)
 e - a javelin
 g - 3 poisoned darts
Armour
 b - a +0 leather armour (worn)
 c - a +0 helmet (worn)
Scrolls
 h - a scroll of poison
 l - a scroll of enchant armour
 m - a scroll of teleportation
Potions
 f - a potion of degeneration
 i - a potion of berserk rage {unknown}
 j - a potion of mutation {unknown}
 n - a potion of resistance {unknown}


   Skills:
 + Level 3.9 Fighting
 - Level 2.6 Short Blades
 - Level 1.7 Throwing
 - Level 2.6 Dodging
 - Level 2.0 Stealth


You had 3 spell levels left.
You didn't know any spells.
Your spell library was empty.

Dungeon Overview and Level Annotations

Branches:
Dungeon (3/15)

Altars:
Lugonu


Innate Abilities, Weirdness & Mutations

You sometimes gain a little power by taking damage.
Your touch may inflict minor irresistible damage on your foes.


Message History

Beogh smites you!
You hit the orc.
You kill the orc!
Lugonu accepts your kill.
There is a stone staircase leading up here.
You completely miss the orc. The orc closely misses you.
You hit the orc.
You touch the orc.
You kill the orc!
Lugonu accepts your kill.
You hit the orc.
You touch the orc.
You kill the orc!
Lugonu accepts your kill. The orc hits you with a +0 flail.
Items here: )) [ ††.
You barely miss the orc.
You touch the orc.
You kill the orc!
Lugonu accepts your kill.
No target in view!
The orc priest hits you but does no damage.
Things that are here:
a +0 flail; a +0 leather armour You closely miss the orc priest.
The rat closely misses you.
The orc priest hits you with a +2 dagger of electrocution.
You completely miss the orc priest. The rat bites you but does no damage.
The orc priest misses you.
You barely miss the orc priest. The rat barely misses you.
The orc priest hits you with a +2 dagger of electrocution.
The rat bites you but does no damage.
You hit the orc priest but do no damage.
Your touch misses the orc priest.
The orc priest invokes the aid of Beogh against you.
Pain shoots through your body! The rat closely misses you.
You hit the orc priest.
The orc priest is lightly wounded.
The orc priest closely misses you. The rat bites you.
You hit the orc priest but do no damage.
The orc priest is lightly wounded.
The orc priest hits you but does no damage.
You are electrocuted!
You die...

#...~~~~..
####....~~..
......P~~oo
.......ro~
......Z.≈
........#
........#
.[....Zo#########
.......o)...#.@o#
.......####o#)#r#
....... #.#<#.#
....... #.#.#.#
....... #.###.#
####### #.....#
#######


You could see an orc priest and a rat.

Vanquished Creatures
  3 adders (D:2)
  2 dart slugs
  4 orcs (D:3)
  4 endoplasms
  2 giant cockroaches (D:1)
  5 goblins
  5 hobgoblins
  2 jackals (D:2)
  4 kobolds
  A quokka (D:2)
  4 ball pythons
  2 bats
  4 frilled lizards
  2 rats (D:2)
44 creatures vanquished.

Notes
Turn   | Place    | Note
-------+----------+-------------------------------------------
     0 | D:1      | Newt the Demonspawn Gladiator began the quest for the Orb.
     0 | D:1      | Reached XP level 1. HP: 16/16 MP: 1/1
    60 | D:1      | Reached skill level 1 in Stealth
   534 | D:1      | Gained mutation: You sometimes gain a little power by
                  | taking damage. [demonic ancestry]
   534 | D:1      | Reached XP level 2. HP: 20/22 MP: 2/2
  1335 | D:2      | Gained mutation: Your touch may inflict minor irresistible
                  | damage on your foes. [demonic ancestry]
  1335 | D:2      | Reached XP level 3. HP: 22/28 MP: 3/3
  1484 | D:2      | Reached skill level 3 in Fighting
  1605 | D:2      | Found a faded altar of an unknown god.
  1649 | D:2      | Prayed at the altar of an unknown god.
  1649 | D:2      | Became a worshipper of Lugonu the Unformed
  1649 | D:2      | Reached * piety under Lugonu
  1649 | D:2      | Reached ** piety under Lugonu
  1939 | D:2      | Reached XP level 4. HP: 19/37 MP: 4/4
  2440 | D:3      | Slain by an orc priest

Illustrated notes

Levels and vault maps discovered:
D:1:      saegor_arrival_simple_e, layout_rooms
D:2:      layout_loops_ring, hellmonk_ecumenical_altar_zigzags, hex_tiny,
          hangedman_decor_growths
D:3:      layout_basic, serial_shops, shop, serial_undead, serial_undead_d,
          serial_undead_f, serial_undead_f, serial_undead_f, serial_undead_c,
          serial_undead_e, serial_undead_b, serial_undead_b, uniq_terence

Skill      XL: |  1  2  3 |
---------------+----------+-----
Stealth        | 1 2 |  2.0
Fighting       | 3 |  3.9
Short Blades   | |  2.6
Throwing       | |  1.7
Dodging        | |  2.6

Action                   |  1- 3 |  4- 6 || total
-------------------------+-------+-------++-------
Melee: Rapier            |   118 |    19 ||   137
       Punch             |     1 |       ||     1
       Touch             |     6 |     3 ||     9
  Use: Scroll            |     4 |     2 ||     6
 Stab: Sleeping          |     2 |       ||     2
Armor: Leather armour    |    44 |     5 ||    49
Dodge: Dodged            |    82 |     9 ||    91

Table legend: (Time is in decaauts)
 A = Elapsed time spent in this place.
 B = Non-inter-level travel time spent in this place.
 C = Inter-level travel time spent in this place.
 D = Time resting spent in this place.
 E = Time spent auto-exploring this place.
 F = Levels seen in this place.
 G = Mean time per level.
                   A        B        C        D        E       F      G
               +--------+--------+--------+--------+--------+-----+--------+
         Total |   2448 |   2424 |     24 |    570 |   1530 |   3 |  816.0 |
       Dungeon |   2448 |   2424 |     24 |    570 |   1530 |   3 |  816.0 |
               +--------+--------+--------+--------+--------+-----+--------+

Top non-repeatable levels by time:
     D:2: 1249 daAuts
     D:1: 1132 daAuts
     D:3: 66 daAuts
